TOP OF THE 1ST |
New Orleans Zephyrs batting - Pitching for Reno Aces : RHP Takaaki Nakada
|
Pitching: RHP Takaaki Nakada
|
|
Batting: LHB David Doge
|
0-0: Ball 1-0: Called Strike 1-1: Fly out, F6 (Popup, 6MS, EV 71.9 MPH)
|
Batting: RHB Orlando Landa
|
0-0: Ball 1-0: SINGLE (Groundball, 6MD, EV 95.0 MPH)
|
Batting: RHB Manuel Taveras
|
0-0: Called Strike 0-1: Ball 1-1: Ball 2-1: Grounds into double play, 6-4-3 (Groundball, 6S, EV 83.8 MPH)
|
Top of the 1st over - 0 runs, 1 hit, 0 errors, 0 left on base; New Orleans 0 - Reno 0 |
BOTTOM OF THE 1ST |
Reno Aces batting - Pitching for New Orleans Zephyrs : RHP Mike Powell
|
Pitching: RHP Mike Powell
|
|
Batting: SHB Carlos Rodriguez
|
0-0: Ball 1-0: Foul Ball, location: 2F 1-1: Foul Ball, location: 2F 1-2: Foul Ball, location: 2F 1-2: Fly out, F8 (Flyball, 8LM, EV 88.8 MPH)
|
Batting: LHB Ian Jarvis
|
0-0: Foul Ball, location: 2F 0-1: Fly out, F7 (Flyball, 7D, EV 103.8 MPH)
|
Batting: LHB Kevin Ferguson
|
0-0: Called Strike 0-1: Ball 1-1: Swinging Strike 1-2: Strikes out swinging
|
Bottom of the 1st over - 0 runs, 0 hits, 0 errors, 0 left on base; New Orleans 0 - Reno 0 |
TOP OF THE 2ND |
New Orleans Zephyrs batting - Pitching for Reno Aces : RHP Takaaki Nakada
|
Batting: RHB Adam McGurn
|
0-0: SINGLE (Line Drive, 8RS, EV 97.5 MPH)
|
Batting: LHB Eric Bailey
|
0-0: Called Strike 0-1: Ball 1-1: Ball 2-1: Ball 3-1: Foul Ball, location: 2F 3-2: Ground out 5-3 (Groundball, 56, EV 87.5 MPH) Adam McGurn to second
|
Batting: RHB Isaiah Brockman
|
0-0: Ball 1-0: Foul Ball, location: 2F 1-1: Called Strike 1-2: Ball 2-2: Strikes out swinging
|
Batting: RHB Torquato Obawole
|
0-0: Foul Ball, location: 2F 0-1: Ball 1-1: Ball 2-1: Foul Ball, location: 2F 2-2: Strikes out swinging
|
Top of the 2nd over - 0 runs, 1 hit, 0 errors, 1 left on base; New Orleans 0 - Reno 0 |
BOTTOM OF THE 2ND |
Reno Aces batting - Pitching for New Orleans Zephyrs : RHP Mike Powell
|
Batting: LHB Steve Reinhart
|
0-0: Foul Ball, location: 2F 0-1: Ball 1-1: SOLO HOME RUN (Flyball, 9LD, EV 92.5 MPH), Distance : 352 ft
|
Batting: RHB Cesar Chavez
|
0-0: Ball 1-0: Swinging Strike 1-1: Swinging Strike 1-2: Strikes out swinging
|
Batting: RHB Roberto Rodriguez
|
0-0: Ground out 6-3 (Groundball, 6, EV 105.6 MPH)
|
Batting: RHB Danny Gerardo
|
0-0: Called Strike 0-1: Ball 1-1: Foul Ball, location: 2F 1-2: Foul Ball, location: 2F 1-2: Ball 2-2: Foul Ball, location: 2F 2-2: Ball 3-2: SINGLE (Line Drive, 56, EV 109.4 MPH)
|
Batting: RHB Dustin Clark
|
0-0: Ball 1-0: Ball 2-0: Foul Ball, location: 2F 2-1: DOUBLE (Line Drive, 78D, EV 108.8 MPH) Danny Gerardo to third Runner from 3rd tries for Home, SAFE, throw by CF to trailing runner, SAFE at third!
|
Batting: RHB Edgar Garcia
|
0-0: Ball 1-0: Called Strike 1-1: Foul Ball, location: 2F 1-2: Ball 2-2: Ball 3-2: Base on Balls
|
Batting: SHB Carlos Rodriguez
|
0-0: Ground out U3 (Groundball, 3L, EV 104.4 MPH)
|
Bottom of the 2nd over - 2 runs, 3 hits, 0 errors, 2 left on base; New Orleans 0 - Reno 2 |
TOP OF THE 3RD |
New Orleans Zephyrs batting - Pitching for Reno Aces : RHP Takaaki Nakada
|
Batting: RHB Masumitsu Sugiura
|
0-0: Ball 1-0: Called Strike 1-1: Fly out, F8 (Flyball, 8LM, EV 89.4 MPH)
|
Batting: RHB John Jackson
|
0-0: Foul Ball, location: 2F 0-1: Foul Ball, location: 2F 0-2: Foul Ball, location: 2F 0-2: Foul Ball, location: 2F 0-2: Foul Ball, location: 2F 0-2: Ground out 6-3 (Groundball, 6, EV 88.8 MPH)
|
Batting: LHB David Doge
|
0-0: Ball 1-0: Ball 2-0: Fly out, F9 (Flyball, 9LS, EV 87.5 MPH)
|
Top of the 3rd over - 0 runs, 0 hits, 0 errors, 0 left on base; New Orleans 0 - Reno 2 |
BOTTOM OF THE 3RD |
Reno Aces batting - Pitching for New Orleans Zephyrs : RHP Mike Powell
|
Batting: LHB Ian Jarvis
|
0-0: Foul Ball, location: 2F 0-1: Ball 1-1: Foul Ball, location: 2F 1-2: Strikes out looking
|
Batting: LHB Kevin Ferguson
|
0-0: Called Strike 0-1: Ball 1-1: Fly out, F4 (Popup, 4, EV 55.0 MPH)
|
Batting: LHB Steve Reinhart
|
0-0: Fly out, F7 (Flyball, 7, EV 90.0 MPH)
|
Bottom of the 3rd over - 0 runs, 0 hits, 0 errors, 0 left on base; New Orleans 0 - Reno 2 |
TOP OF THE 4TH |
New Orleans Zephyrs batting - Pitching for Reno Aces : RHP Takaaki Nakada
|
Batting: RHB Orlando Landa
|
0-0: Called Strike 0-1: Ball 1-1: Ball 2-1: DOUBLE (Flyball, 8LXD, EV 108.1 MPH)
|
Batting: RHB Manuel Taveras
|
0-0: Ball 1-0: Ball 2-0: Fly out, F8 (Flyball, 8LD, EV 99.4 MPH)
|
Batting: RHB Adam McGurn
|
0-0: Ball 1-0: Swinging Strike 1-1: Ball 2-1: Ball 3-1: Foul Ball, location: 2F 3-2: Base on Balls
|
Batting: LHB Eric Bailey
|
0-0: Called Strike 0-1: Ball 1-1: Fielders Choice at 2nd, 4-6 (Groundball, 4MD, EV 86.2 MPH) Orlando Landa to third
|
Batting: RHB Isaiah Brockman
|
0-0: Called Strike 0-1: Foul Ball, location: 2F 0-2: Fielders Choice at 2nd, 6-4 (Groundball, 6MD, EV 87.5 MPH)
|
Top of the 4th over - 0 runs, 1 hit, 0 errors, 2 left on base; New Orleans 0 - Reno 2 |
BOTTOM OF THE 4TH |
Reno Aces batting - Pitching for New Orleans Zephyrs : RHP Mike Powell
|
Batting: RHB Cesar Chavez
|
0-0: Foul Ball, location: 2F 0-1: Foul Ball, location: 2F 0-2: Ball 1-2: Fly out, F8 (Flyball, 8LD, EV 100.0 MPH)
|
Batting: RHB Roberto Rodriguez
|
0-0: DOUBLE (Flyball, 78D, EV 95.0 MPH)
|
Batting: RHB Danny Gerardo
|
0-0: Ball Roberto Rodriguez steals 3rd base 1-0: Called Strike 1-1: Ball 2-1: Foul Ball, location: 2F 2-2: Strikes out looking
|
Batting: RHB Dustin Clark
|
0-0: Called Strike 0-1: Foul Ball, location: 2F 0-2: Strikes out swinging
|
Bottom of the 4th over - 0 runs, 1 hit, 0 errors, 1 left on base; New Orleans 0 - Reno 2 |
TOP OF THE 5TH |
New Orleans Zephyrs batting - Pitching for Reno Aces : RHP Takaaki Nakada
|
Batting: RHB Torquato Obawole
|
0-0: Foul Ball, location: 2F 0-1: Foul Ball, location: 2F 0-2: Foul Ball, location: 2F 0-2: Strikes out swinging
|
Batting: RHB Masumitsu Sugiura
|
0-0: Swinging Strike 0-1: Foul Ball, location: 2F 0-2: Ball 1-2: Foul Ball, location: 2F 1-2: Ball 2-2: Fly out, F8 (Flyball, 89M, EV 89.4 MPH)
|
Batting: RHB John Jackson
|
0-0: Called Strike 0-1: Foul Ball, location: 2F 0-2: Ball 1-2: Foul Ball, location: 2F 1-2: Strikes out looking
|
Top of the 5th over - 0 runs, 0 hits, 0 errors, 0 left on base; New Orleans 0 - Reno 2 |
BOTTOM OF THE 5TH |
Reno Aces batting - Pitching for New Orleans Zephyrs : RHP Mike Powell
|
Batting: RHB Edgar Garcia
|
0-0: Ground out 6-3 (Groundball, 6, EV 100.6 MPH)
|
Batting: SHB Carlos Rodriguez
|
0-0: Ball 1-0: Swinging Strike 1-1: Called Strike 1-2: Ball 2-2: Fly out, F7 (Line Drive, 7, EV 104.4 MPH)
|
Batting: LHB Ian Jarvis
|
0-0: Ball 1-0: Ball 2-0: Ball 3-0: Foul Ball, location: 2F 3-1: Ground out 1-3 (Groundball, 34S, EV 65.0 MPH)
|
Bottom of the 5th over - 0 runs, 0 hits, 0 errors, 0 left on base; New Orleans 0 - Reno 2 |
TOP OF THE 6TH |
New Orleans Zephyrs batting - Pitching for Reno Aces : RHP Takaaki Nakada
|
Batting: LHB David Doge
|
0-0: Called Strike 0-1: Ball 1-1: Ball 2-1: Ball 3-1: Ground out 6-3 (Groundball, 6, EV 76.9 MPH)
|
Batting: RHB Orlando Landa
|
0-0: SINGLE (Groundball, 34, EV 102.5 MPH) (infield hit)
|
Batting: RHB Manuel Taveras
|
0-0: Ball 1-0: Ball 2-0: Called Strike 2-1: Foul Ball, location: 2F 2-2: Fly out, F8 (Flyball, 8RM, EV 92.5 MPH)
|
Batting: RHB Adam McGurn
|
0-0: Swinging Strike 0-1: Swinging Strike 0-2: Strikes out swinging
|
Top of the 6th over - 0 runs, 1 hit, 0 errors, 1 left on base; New Orleans 0 - Reno 2 |
BOTTOM OF THE 6TH |
Reno Aces batting - Pitching for New Orleans Zephyrs : RHP Mike Powell
|
Batting: LHB Kevin Ferguson
|
0-0: Ball 1-0: Ball 2-0: Called Strike 2-1: SINGLE (Groundball, 34D, EV 97.5 MPH)
|
Batting: LHB Steve Reinhart
|
0-0: Swinging Strike 0-1: Foul Ball, location: 2F 0-2: Ball 1-2: Fielders Choice at 2nd, 4-6 (Groundball, 4, EV 91.2 MPH)
|
Batting: RHB Cesar Chavez
|
0-0: Ball 1-0: Foul Ball, location: 2F 1-1: Foul Ball, location: 2F 1-2: Ball 2-2: Strikes out looking
|
Batting: RHB Roberto Rodriguez
|
0-0: Called Strike 0-1: Ball 1-1: Foul Ball, location: 2F 1-2: Ball 2-2: Foul Ball, location: 2F 2-2: Strikes out swinging
|
Bottom of the 6th over - 0 runs, 1 hit, 0 errors, 1 left on base; New Orleans 0 - Reno 2 |
TOP OF THE 7TH |
New Orleans Zephyrs batting - Pitching for Reno Aces : RHP Takaaki Nakada
|
Batting: LHB Eric Bailey
|
0-0: Called Strike 0-1: Ball 1-1: Foul Ball, location: 2F 1-2: Ground out 4-3 (Groundball, 4, EV 108.8 MPH)
|
Pitching: RHP Nick Burcham
|
|
Batting: RHB Isaiah Brockman
|
0-0: Ball 1-0: Foul Ball, location: 2F 1-1: Ball 2-1: Foul Ball, location: 2F 2-2: SINGLE (Groundball, 56S, EV 71.9 MPH) (infield hit)
|
Batting: RHB Torquato Obawole
|
0-0: Fielders Choice at 2nd, 5-4 (Groundball, 56, EV 98.8 MPH)
|
Batting: RHB Masumitsu Sugiura
|
0-0: Ball Torquato Obawole is caught stealing 2nd base 2-4
|
Top of the 7th over - 0 runs, 1 hit, 0 errors, 0 left on base; New Orleans 0 - Reno 2 |
BOTTOM OF THE 7TH |
Reno Aces batting - Pitching for New Orleans Zephyrs : RHP Mike Powell
|
Batting: RHB Danny Gerardo
|
0-0: Called Strike 0-1: SINGLE (Flyball, 5D, EV 88.8 MPH)
|
Batting: RHB Dustin Clark
|
0-0: Ball 1-0: Bunt missed! 1-1: Called Strike 1-2: Ball 2-2: SINGLE (Line Drive, 56D, EV 95.6 MPH) Danny Gerardo to second
|
Batting: RHB Edgar Garcia
|
0-0: Ball 1-0: Sac Bunt to 2L - play at first, batter OUT! 2-4 Danny Gerardo to third Dustin Clark to second
|
Pitching: RHP Jeremy Akande
|
|
Batting: SHB Carlos Rodriguez
|
0-0: Ball 1-0: 3-RUN HOME RUN (Flyball, 89XD, EV 115.6 MPH), Distance : 436 ft
|
Batting: LHB Ian Jarvis
|
0-0: Called Strike 0-1: Called Strike 0-2: Ground out 4-3 (Groundball, 4, EV 83.8 MPH)
|
Batting: LHB Kevin Ferguson
|
0-0: Ball 1-0: Called Strike 1-1: Foul Ball, location: 2F 1-2: Ball 2-2: Ball 3-2: Strikes out swinging
|
Bottom of the 7th over - 3 runs, 3 hits, 0 errors, 0 left on base; New Orleans 0 - Reno 5 |
TOP OF THE 8TH |
New Orleans Zephyrs batting - Pitching for Reno Aces : RHP Nick Burcham
|
Batting: RHB Masumitsu Sugiura
|
0-0: Called Strike 0-1: Ground out 5-3 (Groundball, 5S, EV 83.8 MPH)
|
Batting: RHB John Jackson
|
0-0: Called Strike 0-1: Ball 1-1: Ground out 5-3 (Groundball, 56, EV 81.2 MPH)
|
Batting: LHB David Doge
|
0-0: Fly out, F7 (Flyball, 7, EV 88.8 MPH)
|
Top of the 8th over - 0 runs, 0 hits, 0 errors, 0 left on base; New Orleans 0 - Reno 5 |
BOTTOM OF THE 8TH |
Reno Aces batting - Pitching for New Orleans Zephyrs : RHP Jeremy Akande
|
Batting: LHB Steve Reinhart
|
0-0: Ball 1-0: Ball 2-0: Swinging Strike 2-1: Called Strike 2-2: Strikes out looking
|
Batting: RHB Cesar Chavez
|
0-0: Ball 1-0: Ball 2-0: Ball 3-0: Called Strike 3-1: Base on Balls
|
Batting: RHB Roberto Rodriguez
|
0-0: Called Strike 0-1: Swinging Strike 0-2: Strikes out looking
|
Batting: RHB Danny Gerardo
|
0-0: Ball 1-0: Ball 2-0: Ball 3-0: Called Strike 3-1: Base on Balls Cesar Chavez to second
|
Batting: RHB Dustin Clark
|
0-0: Swinging Strike 0-1: Foul Ball, location: 2F 0-2: Ball 1-2: Ball 2-2: SINGLE (Groundball, 6, EV 96.9 MPH) Cesar Chavez to third Danny Gerardo to second Runner from 3rd tries for Home, SAFE, throw by LF to home
|
Batting: RHB Edgar Garcia
|
0-0: Called Strike 0-1: Swinging Strike 0-2: Foul Ball, location: 2F 0-2: Ground out 4-3 (Groundball, 13, EV 90.0 MPH)
|
Bottom of the 8th over - 1 run, 1 hit, 0 errors, 2 left on base; New Orleans 0 - Reno 6 |
TOP OF THE 9TH |
New Orleans Zephyrs batting - Pitching for Reno Aces : RHP Nick Burcham
|
Batting: RHB Orlando Landa
|
0-0: Called Strike 0-1: Ball 1-1: Ground out 5-3 (Groundball, 56, EV 80.6 MPH)
|
Batting: RHB Manuel Taveras
|
0-0: Foul Ball, location: 2F 0-1: Swinging Strike 0-2: SINGLE (Groundball, 5S, EV 67.5 MPH) (infield hit)
|
Batting: RHB Adam McGurn
|
0-0: Ball 1-0: Called Strike 1-1: Called Strike 1-2: Ball 2-2: Strikes out swinging
|
Batting: LHB Eric Bailey
|
0-0: Swinging Strike 0-1: Ball 1-1: Called Strike 1-2: Ground out U3 (Groundball, 34S, EV 73.8 MPH)
|
Top of the 9th over - 0 runs, 1 hit, 0 errors, 1 left on base; New Orleans 0 - Reno 6 |
|